 Dungeon Crawl Stone Soup version 0.28-a0-79-g444c7a33f5 (webtiles) character file.

Game seed: 9790306177152832926

759750 senseless the Axe Maniac (level 27, -31/245 HPs)
             Began as a Minotaur Fighter on July 28, 2021.
             Was the Champion of Hepliaklqana.
             Killed from afar by an orb of fire (62 damage)
             ... with a bolt of fire
             ... on level 4 of the Realm of Zot on Aug 3, 2021.
             The game lasted 04:47:01 (70571 turns).

senseless the Axe Maniac (Minotaur Fighter)        Turns: 70571, Time: 04:47:02

Health: -31/245    AC: 55    Str: 38    XL:     27
Magic:  0/28       EV:  9    Int:  9    God:    Hepliaklqana [******]
Gold:   4243       SH: 14    Dex: 14    Spells: 26/26 levels left

rFire   . . .      SeeInvis .   a - +9 broad axe (vorpal)
rCold   . . .      Faith    .   A - +3 buckler {reflect}
rNeg    + + .      Spirit   +   x - +14 crystal plate armour
rPois   .          Reflect  +   B - +2 hat
rElec   +          Harm     .   J - +2 cloak of Understanding {rN++}
rCorr   +          Rampage  .   w - +2 pair of gloves
Will    +++++                   i - +2 pair of boots {Fly}
Stlth   ..........              j - amulet "Piyr" {Spirit rElec Will+++ Regen+ Str-2}
HPRegen 1.50/turn               E - ring of Nolavar {rElec rC- Str+6 Int+4 Dex+2}
MPRegen 0.21/turn               c - ring of the Komodo Dragon {rC+ Will+ rCorr Str+4}

@: about to teleport, corroded, flying, studying 3 skills
A: reduced essence, horns 2, retaliatory headbutt, clumsy 1, high mp 1,
screaming 1, electricity resistance, MP-powered wands
}: 4/15 runes: serpentine, barnacled, slimy, silver
a: Renounce Religion, Recall Ancestor, Ancestor Identity, Transference, Idealise


You were on level 4 of the Realm of Zot.
You worshipped Hepliaklqana.
Hepliaklqana was exalted by your worship.
You visited 13 branches of the dungeon, and saw 59 of its levels.
You visited the Abyss 1 time.
You also visited: Wizlab.

You collected 10886 gold pieces.
You spent 6643 gold pieces at shops.

Inventory:

Hand Weapons
 a - a +9 vorpal broad axe (weapon)
 v - a +9 broad axe of flaming
 K - the +10 mace "Ygoudghi" {protect, *Rage rPois MP+9}
   (You found it on level 3 of the Snake Pit)

   It grants its wielder temporary protection when it strikes (+7 to AC).
   rPois:     It protects you from poison.
   MP:        It affects your magic capacity (+9).
   *Rage:     It may make you go berserk in combat.
Missiles
 f - 34 silver javelins (quivered)
 s - 59 javelins
Armour
 i - a +2 pair of boots of flying (worn)
 w - a +2 pair of gloves (worn)
 x - a +14 crystal plate armour (worn)
 A - a +3 buckler of reflection (worn)
 B - a +2 hat (worn)
 J - the +2 cloak of Understanding (worn) {rN++}
   (You bought it in a shop on level 1 of the Snake Pit)

   rN:        It greatly protects you from negative energy.
Jewellery
 b - the ring "Eczuc" {rPois rF+ rN+ rCorr Str-5}
   (You took it off an ogre mage on level 5 of the Vaults)

   [ring of positive energy]

   Str:       It affects your strength (-5).
   rF:        It protects you from fire.
   rPois:     It protects you from poison.
   rN:        It protects you from negative energy.
   rCorr:     It protects you from acid and corrosion.
 c - the ring of the Komodo Dragon (right hand) {rC+ Will+ rCorr Str+4}
   (You bought it in a shop on level 2 of the Orcish Mines)

   [ring of willpower]

   Str:       It affects your strength (+4).
   rC:        It protects you from cold.
   rCorr:     It protects you from acid and corrosion.
   Will:      It increases your willpower.
 d - a ring of protection from cold
 j - the amulet "Piyr" (around neck) {Spirit rElec Will+++ Regen+ Str-2}
   (You bought it in a shop on level 1 of the Orcish Mines)

   [amulet of guardian spirit]

   It causes incoming damage to be divided between your reserves of health and
   magic.
   Str:       It affects your strength (-2).
   rElec:     It insulates you from electricity.
   Regen:     It increases your rate of health regeneration.
   Will:      It greatly increases your willpower.
 m - a ring of protection from fire
 E - the ring of Nolavar (left hand) {rElec rC- Str+6 Int+4 Dex+2}
   (You bought it in a shop on level 2 of the Orcish Mines)

   [ring of strength]

   Str:       It affects your strength (+6).
   Int:       It affects your intelligence (+4).
   Dex:       It affects your dexterity (+2).
   rC:        It makes you vulnerable to cold.
   rElec:     It insulates you from electricity.
 F - a +6 ring of intelligence
 L - a ring of see invisible
 M - a ring of resist corrosion
 P - a ring of protection from fire
 Q - a ring of flight
Wands
 h - a wand of paralysis (54)
 q - a wand of iceblast (91)
 C - a wand of flame (149)
 H - a wand of digging (11)
 O - a wand of polymorph (33)
 R - a wand of mindburst (7)
 U - a wand of acid (36)
Scrolls
 l - 33 scrolls of identify
 n - a scroll of silence
 p - 2 scrolls of magic mapping
 r - 16 scrolls of teleportation
 u - 6 scrolls of blinking
 G - 7 scrolls of fear
 N - 10 scrolls of fog
 W - a scroll of summoning
 X - 4 scrolls of enchant weapon
Potions
 e - 4 potions of ambrosia
 g - 9 potions of attraction
 k - 7 potions of haste
 o - 8 potions of lignification
 t - 4 potions of invisibility
 y - 3 potions of mutation
 z - 6 potions of resistance
 D - 14 potions of curing
 I - 5 potions of brilliance
 S - 7 potions of might
 T - 7 potions of cancellation
 V - a potion of berserk rage
 Y - 6 potions of heal wounds
 Z - 4 potions of magic


   Skills:
 O Level 27 Fighting
 O Level 27 Axes
 + Level 7.6(19.7) Maces & Flails
 + Level 8.4 Throwing
 O Level 27 Armour
 + Level 1.3 Dodging
 + Level 19.5 Stealth
 O Level 27 Shields
 + Level 5.0 Invocations


You had 26 spell levels left.
You didn't know any spells.
Your spell library contained the following spells:

 Spells                   Type           Power      Damage    Failure   Level
 Apportation              Tloc           0%         N/A       83%         1
 Beastly Appendage        Tmut           0%         N/A       83%         1
 Corona                   Hex            0%         N/A       83%         1
 Freeze                   Ice            0%         1d3       83%         1
 Pain                     Necr           0%         1d4       83%         1
 Shock                    Conj/Air       0%         1d3       83%         1
 Blink                    Tloc           N/A        N/A       93%         2
 Corpse Rot               Necr/Air       N/A        N/A       93%         2
 Ensorcelled Hibernation  Hex/Ice        0%         N/A       93%         2
 Passwall                 Tmut/Erth      0%         N/A       93%         2
 Poisonous Vapours        Pois/Air       0%         N/A       93%         2
 Slow                     Hex            0%         N/A       93%         2
 Static Discharge         Conj/Air       0%         N/A       93%         2
 Sublimation of Blood     Necr           0%         N/A       93%         2
 Wereblood                Tmut           0%         N/A       93%         2
 Call Canine Familiar     Summ           0%         N/A       99%         3
 Confusing Touch          Hex            0%         N/A       99%         3
 Conjure Flame            Conj/Fire      0%         6-21      99%         3
 Frozen Ramparts          Ice            0%         1d2       99%         3
 Gell's Gravitas          Tloc           0%         N/A       99%         3
 Ignite Poison            Fire/Tmut/Pois 0%         N/A       99%         3
 Inner Flame              Hex/Fire       0%         N/A       99%         3
 Lesser Beckoning         Tloc           0%         N/A       99%         3
 Mephitic Cloud           Conj/Pois/Air  0%         N/A       99%         3
 Portal Projectile        Hex/Tloc       0%         N/A       99%         3
 Spider Form              Tmut/Pois      0%         N/A       99%         3
 Stone Arrow              Conj/Erth      0%         3d7       99%         3
 Swiftness                Air            0%         N/A       99%         3
 Tukima's Dance           Hex            0%         N/A       99%         3
 Vampiric Draining        Necr           0%         2d6       99%         3
 Airstrike                Air            0%         N/A       100%        4
 Cause Fear               Hex            0%         N/A       100%        4
 Dispel Undead            Necr           0%         3d6       100%        4
 Hailstorm                Conj/Ice       0%         3d3       100%        4
 Ice Form                 Ice/Tmut       0%         N/A       100%        4
 Iskenderun's Mystic Bla  Conj/Tloc      0%         2d3       100%        4
 Leda's Liquefaction      Hex/Erth       0%         N/A       100%        4
 Petrify                  Tmut/Erth      0%         N/A       100%        4
 Sticky Flame             Conj/Fire      0%         2d3       100%        4
 Summon Ice Beast         Ice/Summ       0%         N/A       100%        4
 Summon Lightning Spire   Summ/Air       0%         N/A       100%        4
 Agony                    Necr           0%         N/A       100%        5
 Alistair's Intoxication  Tmut/Pois      0%         N/A       100%        5
 Blade Hands              Tmut           0%         N/A       100%        5
 Bolt of Magma            Conj/Fire/Erth 0%         4d4       100%        5
 Borgnjor's Vile Clutch   Necr/Erth      0%         N/A       100%        5
 Excruciating Wounds      Necr           0%         N/A       100%        5
 Fireball                 Conj/Fire      0%         3d3       100%        5
 Freezing Cloud           Conj/Ice/Air   0%         6-21      100%        5
 Irradiate                Conj/Tmut      0%         3d14      100%        5
 Lightning Bolt           Conj/Air       0%         1d11      100%        5
 Manifold Assault         Tloc           0%         N/A       100%        5
 Metabolic Englaciation   Hex/Ice        0%         N/A       100%        5
 Summon Forest            Summ/Tloc      0%         N/A       100%        5
 Summon Mana Viper        Hex/Summ       0%         N/A       100%        5
 Yara's Violent Unravell  Hex/Tmut       0%         3d3       100%        5
 Conjure Ball Lightning   Conj/Air       0%         3x3d6     100%        6
 Death Channel            Necr           0%         N/A       100%        6
 Eringya's Noxious Bog    Tmut/Pois      0%         N/A       100%        6
 Invisibility             Hex            0%         N/A       100%        6
 Iron Shot                Conj/Erth      0%         9d1       100%        6
 Shadow Creatures         Summ           N/A        N/A       100%        6
 Simulacrum               Ice/Necr       0%         N/A       100%        6
 Starburst                Conj/Fire      0%         8x6d3     100%        6
 Statue Form              Tmut/Erth      0%         N/A       100%        6
 Dragon Form              Tmut           0%         N/A       100%        7
 Monstrous Menagerie      Summ           0%         N/A       100%        7
 Storm Form               Tmut/Air       0%         N/A       100%        7
 Discord                  Hex            0%         N/A       100%        8
 Ignition                 Fire           0%         3d3       100%        8
 Maxwell's Capacitive Co  Air            0%         ∞         100%        8
 Necromutation            Tmut/Necr      0%         N/A       100%        8
 Shatter                  Erth           0%         3d5*      100%        9


Dungeon Overview and Level Annotations

Branches:
Dungeon (15/15)            Temple (0/1) D:6            Lair (6/6) D:10
 Shoals (4/4) Lair:4        Snake (4/4) Lair:3        Slime (5/5) Lair:6
    Orc (2/2) D:9             Elf (3/3) Orc:2        Vaults (5/5) D:13
  Crypt (3/3) Vaults:2       Tomb (0/3) Crypt:3      Depths (5/5) D:15
   Hell (visited)             Dis (2/7) Hell            Geh (0/7) Hell
    Coc (0/7) Hell            Tar (0/7) Hell            Zot (3/5) Depths:5
 WizLab (visited)

Altars:
Cheibriados
Dithmenos
Elyvilon
Fedhas
Hepliaklqana
Kikubaaqudgha
Nemelex Xobeh
Okawaru
Qazlal
Ru
Sif Muna
Trog
Vehumet
Wu Jian
Xom
Yredelemnul
Zin
Beogh
Jiyva

Shops:
D:3 :   D:10 :?   D:14 :   Orc:1 (:[=   Orc:2 ?=**   Elf:1 ((   Snake:1 [[(
Snake:2 ::=*   Vaults:2 *   Vaults:4 ?   Vaults:5 *!??   Depths:4 :
Depths:5 :*!*=

Portals:
Hell: Depths:1 Depths:2 Depths:3 Depths:4 Depths:5
Abyss: Depths:4
Pandemonium: Depths:3
Ziggurat: Depths:4

Annotations:
Zot:4 3 runed translucent doors, Roxtikhle's ghost, legendary OgGl


Innate Abilities, Weirdness & Mutations

Your life essence is reduced to manifest your ancestor. (-10% HP)
You have a pair of horns on your head.
You reflexively headbutt those who attack you in melee.
You are clumsy. (Dex -2)
You have an increased reservoir of magic. (+10% MP)
You occasionally shout uncontrollably at your foes.
You are resistant to electric shocks. (rElec)
You expend magic power (3 MP) to strengthen your wands.


Message History

The bolt of lightning hits Ayize!!!
As you read the scroll of teleportation, it crumbles to dust.
You feel strangely unstable.
You feel the Orb delaying your translocation!
The orb of fire emits a lurid red light.
The bolt of fire hits you.
You hear some strange, mumbled words.
A purple draconian comes into view. It is wielding a +0 dire flail.
The yellow draconian scorcher throws acid at you.
The glob of acid hits you but does no damage.
You are splashed with acid.
You resist.
You swap places.
Ayize misses the orb of fire.
Ayize hits the yellow draconian scorcher with a +0 broad axe of speed!
Ayize's magic leaks into the air.
Ayize hits the yellow draconian scorcher with a +0 broad axe of speed!!
Ayize hits the orb of fire but does no damage.
The yellow draconian scorcher hits Ayize with a +0 long sword!
You feel you are being watched by something.
You feel your power leaking away.
Things that are here:
a +0 halberd; a red draconian corpse Ayize barely misses the yellow draconian scorcher.
Ayize misses the orb of fire.
Ayize hits the yellow draconian scorcher with a +0 broad axe of speed!
Ayize misses the orb of fire.
The yellow draconian scorcher points at Ayize and mumbles some strange words.
The bolt of fire hits Ayize but does no damage.
The bolt of fire hits you!!!
Ayize hits the yellow draconian scorcher with a +0 broad axe of speed!
The yellow draconian scorcher dies!
Ayize completely misses something.
The orb of fire glows red.
The bolt of fire hits Ayize but does no damage.
The bolt of fire hits you!!!
* * * LOW HITPOINT WARNING * * *
You see here 21 stones.
Ayize misses the orb of fire.
The orb of fire glows yellow.
The bolt of fire misses Ayize.
The bolt of fire hits you!!!
You die...

#.# .°°°{d###
. #.#
..>z.{#.# .
#.# .y.1Xz')#
#.# #*# #.#
#R# ## #.##
##.# .# ##.##
#.## .# ##.###
##(# ##
##..#######@##
. ###..)....##
. ######### .
##. ##.. ##...
# #### ##<..#
## #..#
##..... .##
#..# ##...#..


You could see the friendly Ayize the knight (fast) and an orb of fire (ally
target).

Vanquished Creatures
  the Royal Jelly (Slime:5)
  A dread lich (Abyss:4)
  2 juggernauts (Depths:4)
  Xtahua (Depths:4)
  A curse toe (Zot:4)
  Geryon (Hell)
  2 profane servitors
  Nikola (Vaults:1)
  2 bone dragons
  6 golden dragons
  Jory (Crypt:3)
  A hellephant (Abyss:5)
  A Cloud Mage (WizLab)
  Jorgrun (D:14)
  15 tentacled monstrosities
  Rupert (D:13)
  6 titans
  8 liches
  4 deep elf blademasters (Elf:3)
  5 quicksilver dragons
  2 deep elf master archers (Elf:3)
  6 death cobs
  An Executioner (Abyss:4)
  16 acid blobs
  8 tentacled starspawn
  4 sphinxes
  6 ancient champions
  Frances (D:14)
  8 tengu reavers
  4 nagarajas
  2 draconian monks
  8 shadow dragons
  9 storm dragons
  Ilsuiw (Shoals:2)
  3 revenants
  14 azure jellies
  8 deep elf sorcerers
  2 draconian knights
  14 rockslimes
  3 ghost moths
  9 vault wardens
  9 fire giants
  The ghost of skAll the Grappler, a journeyman TrWn of Okawaru (Lair:6)
  2 draconian scorchers
  10 frost giants
  3 draconian shifters
  The ghost of sn0wgr3 the Warrior, a journeyman MiFi of Okawaru (Shoals:3)
  A draconian stormcaller (Zot:4)
  2 balrugs
  16 ironbound preservers
  A curse skull (Crypt:2)
  An iron dragon (Hell)
  3 draconian annihilators
  2 deep elf elementalists (Elf:3)
  12 reapers
  2 spriggan defenders (Depths:4)
  3 war gargoyles
  18 very ugly things
  5 ghouls
  10 stone giants
  5 quicksilver oozes
  10 vampire knights
  4 green draconians
  4 white draconians
  5 black draconians
  3 deep elf demonologists
  Azrael (Snake:3)
  2 yellow draconians
  6 entropy weavers
  3 purple draconians
  6 red draconians
  8 spark wasps
  2 lorocyprocas
  14 deep elf annihilators
  3 dire elephants
  9 ettins
  A crystal guardian (Vaults:2)
  10 deep elf death magi
  6 merfolk javelineers
  Snorg (D:14)
  3 blizzard demons (WizLab)
  13 merfolk impalers
  84 slime creatures
  11 great orbs of eyes
  3 deep elf high priests
  18 jiangshi (Crypt:3)
  3 quicksilver dragon zombies
  11 yaktaur captains
  11 naga warriors
  11 fire dragons
  5 rakshasas
  3 ironbound thunderhulks
  2 green deaths
  33 vault guards
  7 ice dragons
  7 salamander tyrants
  9 ghost crabs
  An ogre mage (Vaults:4)
  2 catoblepae
  2 peacekeepers (Vaults:2)
  The ghost of feelmyfire the Martial Artist, a journeyman DsAK of Lugonu (Lair:1)
  4 boulder beetles
  2 spriggan air magi (Depths:4)
  10 anacondas
  12 centaur warriors
  9 hydras
  5 merfolk avatars (Shoals:4)
  9 ironbound frosthearts
  An alligator (Lair:6)
  4 two-headed ogres
  31 dancing weapons
  2 alligator snapping turtles
  3 merfolk aquamancers
  5 death knights
  A satyr (shapeshifter) (Depths:4)
  6 deep troll shamans
  7 vampire magi
  A two-headed ogre (shapeshifter) (Vaults:5)
  17 hell hogs
  7 tengu warriors
  2 ironbound beastmasters
  2 shock serpents (shapeshifter)
  9 death yaks
  3 naga sharpshooters (Snake:1)
  22 thrashing horrors
  7 shock serpents
  Urug (D:10)
  4 orc high priests
  5 deep troll earth magi
  4 spriggan berserkers
  18 hell knights
  2 sun demons
  10 soul eaters
  11 wretched stars
  3 spatial maelstroms
  15 deep elf knights
  25 skeletal warriors
  6 iron trolls
  An iron golem (Hell)
  5 fire crabs
  2 salamander mystics (Snake:3)
  3 sixfirhies
  9 sea snakes
  A storm dragon skeleton (Hell)
  56 starcursed masses
  4 shadow wraiths
  An anaconda zombie (Dis:1)
  7 glowing orange brains
  9 flayed ghosts
  57 deep trolls
  A golden dragon zombie (Dis:2)
  An iron giant skeleton (Crypt:1)
  An orange crystal statue (D:14)
  7 phantasmal warriors
  7 deep elf archers
  A lindwurm (Vaults:2)
  7 wizards
  2 naga ritualists
  A shadow dragon zombie (Dis:2)
  A kraken simulacrum (Shoals:4)
  2 golden dragon skeletons
  18 ironbound convokers
  Pikel (D:7)
  7 harpies
  23 deep elf zephyrmancers
  14 orc knights
  2 wolf spiders
  4 frost giant zombies
  5 mana vipers
  26 deep elf pyromancers
  6 oklob plants
  5 fauns
  33 ugly things
  13 cyclopes
  6 necromancers
  An orb spider (Abyss:5)
  6 orc sorcerers
  18 manticores
  4 stone giant zombies
  2 worldbinders (Abyss:4)
  17 salamanders
  3 shining eyes
  A moth of wrath (shapeshifter) (Vaults:5)
  An elephant (Lair:6)
  12 rust devils
  29 black mambas
  14 moths of wrath
  26 vault sentinels
  7 merfolk sirens
  A dire elephant zombie (Dis:1)
  A water nymph (shapeshifter) (Vaults:5)
  4 guardian serpents
  4 eyes of devastation
  8 water nymphs
  A torpor snail (Lair:6)
  9 cane toads
  A titan simulacrum (Hell)
  4 apocalypse crabs
  An elephant (shapeshifter) (Depths:4)
  5 molten gargoyles
  9 naga magi
  15 smoke demons
  An orange demon (Abyss:4)
  A gargoyle (D:11)
  A storm dragon simulacrum (Hell)
  An unseen horror (Abyss:4)
  5 komodo dragons
  Maggie (D:10)
  6 tormentors
  2 hellions (Dis:2)
  A sea snake zombie (Hell)
  10 ice devils
  21 yaktaurs
  3 efreet
  10 freezing wraiths
  4 rime drakes
  4 demonic crawlers
  3 hydra zombies (Hell)
  8 red devils
  4 tengu conjurers
  5 hellwings
  9 ancient zymes
  A white draconian skeleton (Crypt:2)
  10 wind drakes
  A shadow dragon simulacrum (Abyss:4)
  2 polar bears (Lair:2)
  Grinder (D:5)
  4 trolls
  3 hornets
  31 merfolk
  A hydra skeleton (Hell)
  31 raiju
  13 dream sheep
  20 blink frogs
  A fire dragon zombie (Crypt:3)
  A slime creature (shapeshifter) (Depths:3)
  10 snapping turtles
  15 air elementals
  44 flying skulls
  8 ynoxinuls
  An ice dragon skeleton (Hell)
  12 water elementals
  7 wraiths
  3 redbacks (Vaults:1)
  4 shadows
  9 spriggans
  5 wyverns
  42 yaks
  6 fire elementals
  14 humans (D:13)
  33 large abominations
  6 chaos spawn
  5 neqoxecs
  A tyrant leech zombie (Crypt:2)
  6 golden eyes
  5 basilisks
  8 vampire mosquitoes
  Menkaure (D:5)
  23 nagas
  4 steam dragons
  4 wargs
  12 spatial vortices
  A swamp worm (shapeshifter) (Depths:2)
  A hydra simulacrum (Hell)
  A cane toad zombie (Crypt:2)
  A spectral snapping turtle (Crypt:3)
  Duvessa (D:5)
  12 water moccasins
  17 hell hounds
  2 floating eyes
  A merfolk skeleton (Crypt:2)
  30 orc warriors
  2 ice beasts
  2 black bears (Lair:1)
  4 ogres
  9 necrophages
  A boggart (shapeshifter) (Abyss:4)
  4 snapping turtle zombies
  5 boggarts
  9 centaurs
  12 wolves
  A dream sheep skeleton (Crypt:2)
  A lemure (D:7)
  2 phantoms (D:4)
  A kobold brigand (D:9)
  10 bullfrogs
  A yaktaur skeleton (Crypt:1)
  A wyvern zombie (D:4)
  3 earth elementals
  2 scorpions (D:6)
  Dowan (D:5)
  8 small abominations
  8 wights
  3 electric eels
  4 howler monkeys
  A quasit (Abyss:4)
  A lava snake (D:11)
  4 centaur zombies
  A hound (D:7)
  3 jellies
  Crazy Yiuf (D:5)
  19 orc priests
  10 iron imps
  8 hell rats
  14 orc wizards
  A killer bee zombie (D:8)
  A deep dwarf zombie (Crypt:2)
  A naga zombie (Dis:2)
  A tengu zombie (Crypt:2)
  A tengu skeleton (Crypt:2)
  A hound skeleton (D:4)
  4 mummies
  2 howler monkey zombies
  4 adders
  2 gnolls (D:5)
  A naga simulacrum (Abyss:5)
  3 shadow imps
  2 ufetubi
  A worm (D:3)
  A barachi skeleton (Crypt:1)
  A barachi zombie (Crypt:1)
  A dart slug (D:2)
  62 orcs
  5 bats
  A bat skeleton (Crypt:1)
  A bat zombie (D:9)
  6 endoplasms
  3 giant cockroaches
  8 goblins
  13 hobgoblins
  4 jackals
  15 kobolds
  2 quokkas
  6 ball pythons
  A frilled lizard (D:3)
  A frilled lizard zombie (Crypt:1)
  A kobold skeleton (Abyss:4)
  A kobold zombie (Dis:2)
  A rat zombie (D:9)
  A spectral hobgoblin (D:1)
  A plant (Shoals:3)
  12 starspawn tentacles
  2 tentacles (Shoals:4)
2379 creatures vanquished.

Vanquished Creatures (collateral kills)
  Khufu (Crypt:2)
  The ghost of Docw the Sensei, a legendary DETm of Kikubaaqudgha (Crypt:1)
  2 golden dragons
  A tentacled monstrosity (Zot:2)
  A Hell Sentinel (Abyss:4)
  A lich (Depths:3)
  3 acid blobs
  2 quicksilver dragons
  A kraken (Shoals:4)
  2 death cobs
  A storm dragon (Zot:1)
  3 tentacled starspawn
  Agnes (D:14)
  A tengu reaver (Vaults:5)
  Donald (Vaults:1)
  4 shadow dragons
  The ghost of Gruesome the Black Belt, an adept OpMo of Okawaru (Shoals:2)
  2 fire giants
  2 draconian knights
  An azure jelly (Slime:5)
  A ghost moth (Zot:2)
  5 frost giants
  A rockslime (Slime:5)
  A deep elf sorcerer (Elf:3)
  A draconian scorcher (Zot:4)
  Louise (Elf:2)
  The ghost of sn0wgr3 the Dwarven Aeon, a journeyman DDFi of Cheibriados (Orc:2)
  3 ghouls
  A draconian stormcaller (Depths:5)
  6 vault wardens
  3 ironbound preservers
  2 draconian annihilators (Zot:1)
  3 reapers
  7 very ugly things
  2 war gargoyles
  3 stone giants
  A quicksilver ooze (Slime:5)
  A deep elf demonologist (Elf:3)
  4 vampire knights
  An entropy weaver (D:12)
  A black draconian (Zot:1)
  2 white draconians
  3 spark wasps
  2 purple draconians (Zot:1)
  A red draconian (Zot:1)
  A deep elf death mage (Vaults:5)
  2 yaktaur captains
  A quicksilver dragon zombie (Hell)
  A crystal guardian (Vaults:2)
  A jiangshi (Crypt:3)
  3 merfolk javelineers
  5 ironbound thunderhulks
  6 vault guards (Vaults:5)
  4 ettins
  A merfolk impaler (Shoals:3)
  2 great orbs of eyes
  2 ice dragons
  2 hydras (Lair:2)
  A spriggan air mage (WizLab)
  An ironbound frostheart (Vaults:2)
  2 boulder beetles
  2 catoblepae
  A satyr (shapeshifter) (Vaults:4)
  A centaur warrior (D:15)
  2 ogre magi
  A death knight (Crypt:3)
  3 dancing weapons (Elf:2)
  A fenstrider witch skeleton (Crypt:1)
  3 two-headed ogres
  2 deep troll earth magi (Depths:3)
  A spriggan berserker (Depths:5)
  2 naga sharpshooters
  4 tengu warriors
  A vampire mage (Crypt:2)
  An orc high priest (Orc:2)
  9 hell hogs
  A soul eater (Hell)
  An iron golem (Hell)
  5 thrashing horrors
  2 shock serpents (Snake:1)
  An ironbound beastmaster (Vaults:2)
  5 deep elf knights
  3 hell knights
  A sun demon (Depths:1)
  Sonja (Lair:6)
  3 wretched stars
  2 skeletal warriors (Crypt:3)
  4 shadow wraiths
  A sea snake (shapeshifter) (Vaults:5)
  2 sea snakes
  A quicksilver dragon simulacrum (Hell)
  A flayed ghost (Depths:5)
  2 glowing orange brains
  4 spatial maelstroms
  7 deep trolls
  9 large abominations
  5 deep elf pyromancers (Elf:2)
  3 deep elf archers
  3 ironbound convokers
  2 wizards
  2 orc knights (Vaults:5)
  4 phantasmal warriors
  A bog body (Crypt:2)
  3 harpies
  11 ugly things
  A manticore (Shoals:2)
  7 deep elf zephyrmancers
  2 necromancers
  A faun (Shoals:1)
  A shining eye (Slime:3)
  2 salamanders (Snake:3)
  4 oklob plants
  A worldbinder (Abyss:4)
  4 moths of wrath
  A fire giant zombie (Dis:2)
  An elephant (Lair:6)
  5 black mambas
  A dire elephant zombie (Dis:1)
  2 guardian serpents (Snake:4)
  6 rust devils
  A stone giant skeleton (Depths:1)
  2 apocalypse crabs
  3 vault sentinels
  A guardian serpent (shapeshifter) (D:15)
  Joseph (Lair:1)
  A naga mage (Snake:4)
  3 smoke demons
  2 eyes of devastation (Slime:5)
  An emperor scorpion zombie (Hell)
  A rime drake (shapeshifter) (Abyss:5)
  A freezing wraith (Abyss:4)
  A rime drake (Shoals:2)
  2 cane toads
  4 yaktaurs
  4 tormentors
  4 komodo dragons
  A hydra zombie (Hell)
  2 ice devils
  An efreet (Abyss:5)
  9 merfolk
  A hellwing (Abyss:4)
  3 trolls
  An ancient zyme (Abyss:5)
  A golden dragon simulacrum (Hell)
  A jumping spider (Vaults:1)
  4 blink frogs
  A hornet (Lair:6)
  2 polar bears (Lair:1)
  2 raiju (Abyss:5)
  3 wind drakes
  Prince Ribbit (D:5)
  An ice dragon zombie (Hell)
  19 slime creatures
  4 dream sheep
  An ettin zombie (Dis:2)
  2 snapping turtles
  An alligator skeleton (Crypt:3)
  13 flying skulls (Crypt:3)
  7 starcursed masses
  A satyr skeleton (Crypt:2)
  2 vampires
  A yak (D:10)
  2 air elementals (WizLab)
  3 shadows
  2 ynoxinuls (Abyss:5)
  A spriggan (Lair:6)
  An ice dragon skeleton (Hell)
  5 water elementals
  2 golden eyes (Slime:4)
  2 humans (D:13)
  A neqoxec (Abyss:5)
  2 vampire mosquitoes (D:11)
  2 small abominations (Abyss:4)
  3 spatial vortices (Abyss:5)
  A warg (Orc:1)
  3 nagas
  5 water moccasins
  A hell hound (Dis:1)
  4 orc warriors (Orc:1)
  A necrophage (Dis:2)
  An ogre (Orc:2)
  An ice dragon simulacrum (Abyss:5)
  2 wolves
  2 centaurs
  3 bullfrogs
  A kobold brigand (D:9)
  Blork the orc (D:5)
  A scorpion (D:6)
  A centaur zombie (D:10)
  A hound (D:5)
  An orc priest (D:10)
  An iron imp (Dis:1)
  2 iguanas
  6 orc wizards
  A hell rat (Hell)
  A hound zombie (D:5)
  2 gnolls (D:4)
  A howler monkey skeleton (D:4)
  A dart slug (D:4)
  15 orcs
  A goblin (D:5)
  A hobgoblin (D:4)
  A quokka (D:4)
  3 starspawn tentacles
496 creatures vanquished.

Vanquished Creatures (others)
  A deep elf high priest (Elf:3)
  An ironbound thunderhulk (Vaults:1)
  A spriggan air mage (WizLab)
  2 hell hogs
  A deep troll (Vaults:1)
  2 ironbound convokers (Vaults:1)
  2 wizards
  A deep elf zephyrmancer (Elf:1)
  A manticore (Shoals:4)
  2 yaktaurs
  A raiju (Abyss:5)
  2 air elementals (WizLab)
  4 water elementals
  20 knights
  6 bushes (Lair:6)
  50 fungi
  2 lurking horrors
  149 plants
  14 starspawn tentacles
  9 tentacles (Shoals:4)
271 creatures vanquished.

Grand Total: 3146 creatures vanquished

Notes
Turn   | Place    | Note
-------+----------+-------------------------------------------
     0 | D:1      | senseless the Minotaur Fighter began the quest for the Orb.
     0 | D:1      | Reached XP level 1. HP: 19/19 MP: 0/0
   354 | D:1      | Found a faded altar of an unknown god.
   362 | D:1      | Reached XP level 2. HP: 27/27 MP: 1/1
   369 | D:1      | Became a worshipper of Hepliaklqana the Forgotten
   369 | D:1      | Reached * piety under Hepliaklqana
  1405 | D:2      | Reached XP level 3. HP: 21/29 MP: 2/2
  2292 | D:3      | Reached ** piety under Hepliaklqana
  2301 | D:3      | Remembered your ancestor Ayize as a knight
  2337 | D:3      | Reached XP level 4. HP: 36/36 MP: 3/3
  2457 | D:3      | Found a shimmering altar of Xom.
  2565 | D:3      | Reached skill level 1 in Stealth
  2742 | D:3      | Found Wynunay's Book Shoppe.
  2895 | D:4      | Found a blossoming altar of Fedhas.
  2895 | D:4      | Noticed a phantom
  2902 | D:4      | Killed a phantom
  2903 | D:4      | Reached XP level 5. HP: 42/42 MP: 4/4
  3093 | D:4      | Noticed a phantom
  3103 | D:4      | Killed a phantom
  3104 | D:4      | Reached skill level 5 in Axes
  3104 | D:4      | Reached XP level 6. HP: 39/47 MP: 5/5
  3221 | D:4      | Reached skill level 5 in Shields
  3339 | D:4      | Reached skill level 5 in Armour
  3680 | D:4      | Identified the +5 mace of the Madman {vorpal, Str+4}
  3701 | D:4      | Reached XP level 7. HP: 41/54 MP: 6/6
  3881 | D:4      | Found a snail-covered altar of Cheibriados.
  3898 | D:4      | Reached *** piety under Hepliaklqana
  4039 | D:5      | Entered Level 5 of the Dungeon
  4044 | D:5      | Noticed Prince Ribbit
  4050 | D:5      | Killed Prince Ribbit
  4051 | D:5      | Reached skill level 5 in Fighting
  4051 | D:5      | Reached skill level 1 in Maces & Flails
  4051 | D:5      | Reached skill level 1 in Dodging
  4104 | D:5      | Noticed Menkaure
  4110 | D:5      | Killed Menkaure
  4144 | D:5      | Noticed Duvessa
  4145 | D:5      | Noticed Dowan
  4147 | D:5      | Noticed Grinder
  4150 | D:5      | Killed Duvessa
  4151 | D:5      | Reached XP level 8. HP: 57/61 MP: 7/7
  4153 | D:5      | Killed Dowan
  4517 | D:5      | Noticed Blork the orc
  4533 | D:5      | Killed Blork the orc
  4535 | D:5      | Paralysed by Grinder for 2 turns
  4544 | D:5      | Killed Grinder
  4588 | D:5      | Identified the +1 robe "Escheimno" {rPois rC- Str+6}
  4625 | D:5      | Found an iron altar of Okawaru.
  4681 | D:5      | Found a basalt altar of Yredelemnul.
  4750 | D:5      | Found a runed translucent door.
  4750 | D:5      | Identified the +4 mace "Fearigah" {holy, rPois Str+7 Int-4}
  4751 | D:5      | Noticed Crazy Yiuf
  4762 | D:5      | Killed Crazy Yiuf
  5452 | D:6      | Found a staircase to the Ecumenical Temple.
  5857 | D:6      | Identified 2 scrolls of acquirement
  5857 | D:6      | Acquired a +5 vorpal broad axe
  5861 | D:6      | Acquired a +2 crystal plate armour
  5904 | D:7      | Noticed Pikel
  5916 | D:7      | Killed Pikel
  5917 | D:7      | Reached skill level 5 in Maces & Flails
  5917 | D:7      | Reached XP level 9. HP: 53/67 MP: 5/8
  6057 | D:7      | Found a sacrificial altar of Ru.
  6189 | D:7      | Noticed a troll
  6197 | D:7      | Killed a troll
  6416 | D:7      | Reached **** piety under Hepliaklqana
  6611 | D:8      | Identified the +6 battleaxe of the Purse {venom, Will+
                  | rCorr}
  7802 | D:9      | Found a shadowy altar of Dithmenos.
  7802 | D:9      | Found a glowing silver altar of Zin.
  7803 | D:9      | Found a sparkling altar of Nemelex Xobeh.
  8114 | D:9      | Noticed a cyclops
  8120 | D:9      | Killed a cyclops
  8121 | D:9      | Reached skill level 10 in Axes
  8121 | D:9      | Reached XP level 10. HP: 65/77 MP: 9/9
  8315 | D:9      | Reached ***** piety under Hepliaklqana
  8335 | D:9      | Found a staircase to the Orcish Mines.
  8751 | D:9      | Noticed a two-headed ogre
  8758 | D:9      | Killed a two-headed ogre
  9001 | D:9      | Found an ancient bone altar of Kikubaaqudgha.
  9476 | D:10     | Entered Level 10 of the Dungeon
  9491 | D:10     | Found an ornate altar of the Wu Jian Council.
  9646 | D:10     | Found Diaviown's Magic Scroll Shop.
  9662 | D:10     | Bought 3 scrolls of enchant armour for 225 gold pieces
  9662 | D:10     | Bought a scroll of identify for 20 gold pieces
  9662 | D:10     | Bought a scroll of enchant weapon for 75 gold pieces
  9662 | D:10     | Bought a scroll of amnesia for 35 gold pieces
  9662 | D:10     | Bought a scroll of enchant weapon for 75 gold pieces
  9662 | D:10     | Bought a scroll of identify for 20 gold pieces
  9738 | D:10     | Found a staircase to the Lair.
  9892 | D:10     | Identified the +0 robe of Fanaticism {Str+5 Dex-2 Slay+2}
  9958 | D:10     | Found Nirph's Book Shoppe.
  9973 | D:10     | Found a runed translucent door.
  9973 | D:10     | Noticed a sixfirhy
  9977 | D:10     | Noticed Urug
 10012 | D:10     | Killed Urug
 10218 | D:10     | Reached XP level 11. HP: 68/84 MP: 10/10
 10334 | D:10     | Noticed a deep elf pyromancer
 10336 | D:10     | Noticed Maggie
 10340 | D:10     | Killed a deep elf pyromancer
 10344 | D:10     | Killed Maggie
 10345 | D:10     | Reached skill level 10 in Armour
 10691 | D:10     | Killed a sixfirhy
 11357 | D:11     | Noticed a boulder beetle
 11363 | D:11     | Killed a boulder beetle
 11388 | D:11     | Noticed a brown ugly thing
 11394 | D:11     | Killed a brown ugly thing
 12353 | D:12     | Noticed a two-headed ogre
 12364 | D:12     | Killed a two-headed ogre
 12668 | D:12     | Upgraded the game from 0.28-a0-43-g560ac104fe to
                  | 0.28-a0-46-g7b1be97da7
 12808 | D:12     | Noticed a purple ugly thing
 12814 | D:12     | Killed a purple ugly thing
 12815 | D:12     | Reached XP level 12. HP: 89/95 MP: 11/11
 13059 | D:12     | Found a runed translucent door.
 13578 | D:12     | Noticed an entropy weaver
 13583 | D:12     | Reached skill level 10 in Fighting
 13586 | D:12     | Killed an entropy weaver
 13587 | D:12     | Reached skill level 15 in Axes
 13803 | D:12     | Noticed an entropy weaver
 13812 | D:12     | Killed an entropy weaver
 13923 | D:12     | Noticed an entropy weaver
 13935 | D:12     | Killed an entropy weaver
 13936 | D:12     | Reached skill level 10 in Shields
 14170 | D:12     | Noticed a ghost crab
 14176 | D:12     | Killed a ghost crab
 14186 | D:12     | Noticed a ghost crab
 14194 | D:12     | Killed a ghost crab
 14312 | D:12     | Noticed an entropy weaver
 14324 | D:12     | Killed an entropy weaver
 14333 | D:12     | Noticed a ghost crab
 14350 | D:12     | Killed a ghost crab
 14669 | D:12     | Noticed a ghost crab
 14676 | D:12     | Killed a ghost crab
 14732 | D:12     | Noticed an entropy weaver
 14743 | D:12     | Killed an entropy weaver
 14972 | D:13     | Found a gate to the Vaults.
 14972 | D:13     | Noticed a purple very ugly thing
 14972 | D:13     | Noticed a centaur warrior
 14972 | D:13     | Noticed Rupert
 15020 | D:13     | Noticed a centaur warrior
 15020 | D:13     | Noticed a centaur warrior
 15222 | Lair:1   | Entered Level 1 of the Lair of Beasts
 15334 | Lair:1   | Reached XP level 13. HP: 98/104 MP: 12/12
 15366 | Lair:1   | Noticed Joseph
 15377 | Lair:1   | Killed Joseph
 15477 | Lair:1   | Noticed feelmyfire's ghost (journeyman DsAK)
 15478 | Lair:1   | Found a runed translucent gate.
 15479 | Lair:1   | Found a runed translucent gate.
 15480 | Lair:1   | Found a runed translucent gate.
 16724 | Lair:1   | Killed feelmyfire's ghost
 16927 | Lair:1   | Upgraded the game from 0.28-a0-46-g7b1be97da7 to
                  | 0.28-a0-69-g49dcd67cf8
 17321 | Lair:2   | Reached ****** piety under Hepliaklqana
 17738 | Lair:2   | Found a blossoming altar of Fedhas.
 18830 | Lair:3   | Found a staircase to the Snake Pit.
 18840 | Lair:3   | Reached XP level 14. HP: 108/114 MP: 13/13
 19860 | Lair:4   | Found a staircase to the Shoals.
 21506 | Lair:6   | Entered Level 6 of the Lair of Beasts
 21738 | Lair:6   | Found a transporter.
 21746 | Lair:6   | Found a bloodstained altar of Trog.
 21746 | Lair:6   | Noticed skAll's ghost (journeyman TrWn)
 21757 | Lair:6   | Noticed Sonja
 21758 | Lair:6   | Found a transporter.
 21778 | Lair:6   | Killed Sonja
 23276 | Lair:6   | Found the +6 Majin-Bo {vamp, MP+6 Int+6}
 23631 | Lair:6   | Reached XP level 15. HP: 67/123 MP: 14/14
 23886 | Lair:6   | Found a viscous altar of Jiyva.
 23887 | Lair:6   | Found a staircase to the Slime Pits.
 24072 | Lair:6   | Killed skAll's ghost
 24312 | Orc:1    | Entered Level 1 of the Orcish Mines
 24312 | Orc:1    | Found Kihufirch's Antique Weapon Emporium.
 25570 | Orc:1    | Found Lideofal's Armour Shoppe.
 25604 | Orc:1    | Found Qauprug's Jewellery Boutique.
 25612 | Orc:1    | Bought a +6 ring of strength for 702 gold pieces
 25612 | Orc:1    | Bought the amulet "Piyr" {Spirit rElec Will+++ Regen+
                  | Str-2} for 612 gold pieces
 25664 | Orc:1    | Found Cimul's Book Boutique.
 25818 | Orc:2    | Entered Level 2 of the Orcish Mines
 25831 | Orc:2    | Found a staircase to the Elven Halls.
 25913 | Orc:2    | Gained mutation: You sometimes lose the ability to read
                  | scrolls when taking damage. [a neqoxec]
 26230 | Orc:2    | Reached skill level 15 in Armour
 26281 | Orc:2    | Found a large runed translucent door.
 26281 | Orc:2    | Found a large runed translucent door.
 26283 | Orc:2    | Noticed sn0wgr3's ghost (journeyman DDFi)
 26353 | Orc:2    | Found Ris Ijin's Assorted Antiques.
 26353 | Orc:2    | Found Fatwuax's Magic Scroll Shoppe.
 26355 | Orc:2    | Found Quwot's General Store.
 26355 | Orc:2    | Found Bulusuol's Jewellery Shop.
 26371 | Orc:2    | Bought a +2 buckler of reflection for 240 gold pieces
 26396 | Orc:2    | Bought the ring of the Komodo Dragon {rC+ Will+ rCorr
                  | Str+4} for 583 gold pieces
 26400 | Orc:2    | Bought 2 scrolls of identify for 48 gold pieces
 26402 | Orc:2    | Reached skill level 5 in Throwing
 26402 | Orc:2    | Reached XP level 16. HP: 132/132 MP: 15/15
 26882 | Orc:2    | Killed sn0wgr3's ghost
 27242 | D:13     | Reached skill level 15 in Fighting
 27330 | D:13     | Killed Rupert
 27840 | D:14     | Noticed Frances
 27895 | D:14     | Noticed Snorg
 27910 | D:14     | Killed Snorg
 27914 | D:14     | Killed Frances
 27928 | D:14     | Noticed Agnes
 27938 | D:14     | Killed Agnes
 28020 | D:14     | Found Xuhuelae's Book Emporium.
 28128 | D:14     | Found a runed translucent door.
 28154 | D:14     | Reached skill level 1 in Invocations
 28164 | D:14     | Found a runed translucent door.
 28213 | D:14     | Noticed Jorgrun
 28223 | D:14     | Reached XP level 17. HP: 109/141 MP: 11/16
 28227 | D:14     | Killed Jorgrun
 28228 | D:14     | Found a runed translucent door.
 28339 | D:14     | Found a runed translucent door.
 28899 | D:15     | Entered Level 15 of the Dungeon
 28952 | D:15     | Found a staircase to the Depths.
 29107 | D:15     | Found a white marble altar of Elyvilon.
 29791 | D:15     | Lost mutation: You sometimes lose the ability to read
                  | scrolls when taking damage. [potion of mutation]
 29791 | D:15     | Gained mutation: Armour fits poorly on your strangely
                  | shaped body. [potion of mutation]
 29792 | D:15     | Lost mutation: Armour fits poorly on your strangely shaped
                  | body. [potion of mutation]
 29792 | D:15     | Gained mutation: Your flesh is heat resistant. (rF+)
                  | [potion of mutation]
 29792 | D:15     | Gained mutation: Your muscles are strong. (Str +2) [potion
                  | of mutation]
 29792 | D:15     | Gained mutation: You are partially covered in iridescent
                  | scales. (AC +2) [potion of mutation]
 29792 | D:15     | Gained mutation: Your system is resistant to poisons.
                  | (rPois) [potion of mutation]
 30126 | Snake:1  | Entered Level 1 of the Snake Pit
 30652 | Snake:1  | Found Samoabef's Antique Weapon Boutique.
 30656 | Snake:1  | Found Fisoen's Armour Shop.
 30657 | Snake:1  | Found Aguto's Armour Boutique.
 30706 | Snake:1  | Identified the +3 robe of the Swan {rF+ rN+ Slay+2}
 31418 | Snake:2  | Found Cewnor's Book Boutique.
 31419 | Snake:2  | Found Kyk Inka's Jewellery Shoppe.
 31421 | Snake:2  | Found Jusax's Book Boutique.
 31608 | Snake:2  | Identified the amulet of Compassion {Faith rC+ Dex+7
                  | Slay-5}
 31707 | Snake:1  | Bought the +2 cloak of Understanding {rN++} for 576 gold
                  | pieces
 32257 | Snake:2  | Found Mudwemix's Gadget Gallery.
 32466 | Snake:2  | Reached XP level 18. HP: 151/151 MP: 18/18
 32705 | Snake:3  | Found a blossoming altar of Fedhas.
 33113 | Snake:3  | Identified the +10 mace "Ygoudghi" {protect, *Rage rPois
                  | MP+9}
 33411 | Snake:3  | Noticed Azrael
 33420 | Snake:3  | Killed Azrael
 33847 | Snake:3  | Upgraded the game from 0.28-a0-69-g49dcd67cf8 to
                  | 0.28-a0-79-g444c7a33f5
 33853 | Snake:4  | Entered Level 4 of the Snake Pit
 34319 | Snake:4  | Reached XP level 19. HP: 156/159 MP: 17/19
 34532 | Snake:4  | Got a serpentine rune of Zot
 35124 | Elf:1    | Entered Level 1 of the Elven Halls
 35243 | Elf:1    | Found Ceamoc's Antique Weapon Boutique.
 35522 | Elf:1    | Found Egutius's Antique Weapon Emporium.
 36061 | Elf:2    | Paralysed by an air elemental for 1 turns
 36541 | Elf:2    | Found a runed translucent gate.
 36542 | Elf:2    | Found a runed translucent gate.
 36542 | Elf:2    | Found a runed translucent gate.
 36551 | Elf:2    | Noticed Louise
 36575 | Elf:2    | Killed Louise
 36612 | Elf:2    | Reached skill level 5 in Stealth
 36770 | Elf:2    | Reached XP level 20. HP: 170/170 MP: 20/20
 37020 | Elf:3    | Entered Level 3 of the Elven Halls
 37487 | Elf:3    | Identified the ring "Sioh" {rC+ Will+ MP+9 Dex-4}
 37703 | Elf:3    | Identified the ring of Ruummos {+Blink rElec rPois Str+6
                  | Int-5}
 37796 | Elf:3    | Reached skill level 15 in Shields
 38003 | Elf:3    | Got the Handbook of Nocuous Lightness
 38017 | Elf:3    | Identified the +0 ring mail of the Fisher {-Tele Harm rPois
                  | Regen+ Dex+4}
 38028 | Elf:3    | Identified the ring of Gaosu {rF+ MP+9}
 38040 | Elf:3    | Got Cuqyefae's Compendium of Dusty Dark Magic
 38369 | Orc:2    | Bought the ring of Nolavar {rElec rC- Str+6 Int+4 Dex+2}
                  | for 859 gold pieces
 38575 | Shoals:1 | Entered Level 1 of the Shoals
 39449 | Shoals:2 | Found a large runed translucent door.
 39449 | Shoals:2 | Found a large runed translucent door.
 39474 | Shoals:2 | Noticed Ilsuiw
 39493 | Shoals:2 | Killed Ilsuiw
 40348 | Shoals:2 | Noticed Gruesome's ghost (adept OpMo)
 40370 | Shoals:2 | Killed Gruesome's ghost
 40391 | Shoals:2 | Identified the +7 dagger of Destiny {vorpal, Fly Int+7
                  | Stlth-}
 40493 | Shoals:3 | Reached XP level 21. HP: 141/180 MP: 16/21
 40657 | Shoals:3 | Found a runed translucent door.
 40657 | Shoals:3 | Noticed sn0wgr3's ghost (journeyman MiFi)
 40673 | Shoals:3 | Killed sn0wgr3's ghost
 40675 | Shoals:3 | Identified the +4 halberd of Ypanod {drain, rF- MP+9 Str+4
                  | Dex+2}
 40676 | Shoals:3 | Identified the +2 dagger of Upheaval {freeze, rPois rN+
                  | Str-2 Int+5}
 41384 | Shoals:4 | Entered Level 4 of the Shoals
 42644 | Shoals:4 | Got a barnacled rune of Zot
 42793 | Shoals:4 | Got the Almanac of Translocation
 43051 | Vaults:1 | Entered Level 1 of the Vaults
 43117 | Vaults:1 | Noticed Nikola
 43154 | Vaults:1 | Killed Nikola
 43212 | Vaults:1 | Noticed Donald
 43221 | Vaults:1 | Killed Donald
 43932 | Vaults:1 | Reached XP level 22. HP: 180/191 MP: 19/22
 44574 | Vaults:2 | Paralysed by a floating eye for 4 turns
 44582 | Vaults:2 | Paralysed by a floating eye for 4 turns
 45054 | Vaults:2 | Found Minnach's Assorted Antiques.
 45655 | Vaults:2 | Found a staircase to the Crypt.
 47427 | Vaults:4 | Reached XP level 23. HP: 200/202 MP: 23/23
 47850 | Vaults:4 | Acquired 1162 gold pieces
 48379 | Vaults:4 | Found Daab's Magic Scroll Shop.
 48384 | Vaults:4 | Bought a scroll of teleportation for 45 gold pieces
 48384 | Vaults:4 | Bought a scroll of enchant armour for 112 gold pieces
 48384 | Vaults:4 | Bought a scroll of teleportation for 45 gold pieces
 48384 | Vaults:4 | Bought a scroll of enchant armour for 112 gold pieces
 48468 | Vaults:5 | Entered Level 5 of the Vaults
 48617 | Vaults:5 | Identified the +10 morningstar of the Sugar Beet {drain,
                  | rPois MP+9 Str-3 Int+3}
 49139 | Vaults:5 | Reached XP level 24. HP: 214/214 MP: 23/23
 49149 | Vaults:5 | Found Gommi's Distillery.
 49162 | Vaults:5 | Bought 2 potions of mutation for 272 gold pieces
 49162 | Vaults:5 | Bought a potion of heal wounds for 85 gold pieces
 49162 | Vaults:5 | Bought a potion of mutation for 136 gold pieces
 49162 | Vaults:5 | Bought a potion of curing for 51 gold pieces
 49261 | Vaults:5 | Found Dywaoryg's Magic Scroll Boutique.
 49266 | Vaults:5 | Bought a scroll of enchant weapon for 142 gold pieces
 49266 | Vaults:5 | Bought a scroll of brand weapon for 380 gold pieces
 49266 | Vaults:5 | Bought a scroll of enchant armour for 142 gold pieces
 49289 | Vaults:5 | Got a silver rune of Zot
 49299 | Vaults:5 | Found Faydof's Magic Scroll Emporium.
 49303 | Vaults:5 | Bought a scroll of enchant armour for 105 gold pieces
 49588 | Vaults:5 | Identified the ring "Eczuc" {rPois rF+ rN+ rCorr Str-5}
 49619 | Vaults:5 | Found Vifoar's General Store.
 50246 | Crypt:1  | Entered Level 1 of the Crypt
 50348 | Crypt:1  | Found a basalt altar of Yredelemnul.
 50742 | Crypt:1  | Noticed Docw's ghost (legendary DETm)
 50742 | Crypt:1  | Found a runed translucent gate.
 50743 | Crypt:1  | Found a runed translucent gate.
 50745 | Crypt:1  | Found a runed translucent gate.
 51119 | Crypt:1  | Killed Docw's ghost
 51144 | Crypt:1  | Identified the +3 scimitar of Spite {spect, rN+ Str+3 SInv}
 51146 | Crypt:1  | Identified the +0 helmet "Hymmas" {-Cast +Blink Regen+
                  | Str+4}
 51262 | Crypt:2  | Noticed Khufu
 51274 | Crypt:2  | Killed Khufu
 52027 | Crypt:3  | Entered Level 3 of the Crypt
 52130 | Crypt:3  | Found an ancient bone altar of Kikubaaqudgha.
 52358 | Crypt:3  | Reached XP level 25. HP: 199/223 MP: 20/23
 52366 | Crypt:3  | Noticed Jory
 52408 | Crypt:3  | Killed Jory
 52605 | Crypt:3  | Found a staircase to the Tomb.
 52642 | Crypt:3  | Got the Volume of Unholy Rites
 52690 | Crypt:3  | Reached skill level 27 in Axes
 53245 | Depths:1 | Entered Level 1 of the Depths
 53383 | Depths:1 | Found a gateway to Hell.
 53493 | Depths:1 | Found a stormy altar of Qazlal.
 53516 | Depths:1 | Found a magical portal.
 53525 | WizLab   | Entered The Chambers of the Cloud Mage
 53530 | WizLab   | Paralysed by an air elemental for 1 turns
 53536 | WizLab   | Paralysed by an air elemental for 1 turns
 53542 | WizLab   | Paralysed by an air elemental for 1 turns
 53551 | WizLab   | Paralysed by an air elemental for 1 turns
 53553 | WizLab   | Paralysed by an air elemental for 1 turns
 53706 | WizLab   | Paralysed by an air elemental for 1 turns
 53817 | WizLab   | Paralysed by an air elemental for 1 turns
 53827 | WizLab   | Paralysed by an air elemental for 1 turns
 53842 | WizLab   | Paralysed by an air elemental for 1 turns
 53952 | WizLab   | Got Sif Muna's Almanac of Flight
 54660 | Hell     | Entered the Vestibule of Hell
 54660 | Hell     | Noticed Geryon
 56515 | Depths:3 | Reached XP level 26. HP: 231/237 MP: 23/23
 56725 | Depths:3 | Found a shimmering blue altar of Sif Muna.
 56740 | Depths:3 | Found a one-way gate leading to the halls of Pandemonium.
 57234 | Depths:4 | Found Hagipeh's Book Boutique.
 57237 | Depths:4 | Found a one-way gate to the infinite horrors of the Abyss.
 57307 | Depths:4 | Found a radiant altar of Vehumet.
 57457 | Depths:4 | Found a gateway to a ziggurat.
 57463 | Depths:4 | Reached skill level 27 in Fighting
 57560 | Depths:4 | Noticed a juggernaut
 57568 | Depths:4 | Killed a juggernaut
 57756 | Depths:4 | Found a runed translucent door.
 57758 | Depths:4 | Found a runed translucent door.
 57902 | Depths:4 | Noticed Xtahua
 57911 | Depths:4 | Identified the ring "Cobufo" {Ice Fly rCorr}
 57914 | Depths:4 | Killed Xtahua
 57922 | Depths:4 | Identified the ring of Beauty {Fire Str+2}
 57931 | Depths:4 | Identified the ring "Qanimull" {rElec rPois Will+ rCorr
                  | Slay-2}
 57959 | Depths:4 | Noticed a juggernaut
 57965 | Depths:4 | Killed a juggernaut
 58329 | Depths:5 | Entered Level 5 of the Depths
 58339 | Depths:5 | Found Laanliem's Jewellery Boutique.
 58480 | Depths:5 | Found Vyjea's Assorted Antiques.
 58481 | Depths:5 | Found Etou's Assorted Antiques.
 58482 | Depths:5 | Found Laimiebb's Distillery.
 58483 | Depths:5 | Found Qido Kil's Book Boutique.
 58494 | Depths:5 | Bought a potion of heal wounds for 110 gold pieces
 58494 | Depths:5 | Bought a potion of might for 88 gold pieces
 58494 | Depths:5 | Bought a potion of mutation for 176 gold pieces
 58494 | Depths:5 | Bought a potion of haste for 220 gold pieces
 58494 | Depths:5 | Bought a potion of haste for 220 gold pieces
 58494 | Depths:5 | Bought a potion of curing for 66 gold pieces
 58494 | Depths:5 | Bought a potion of curing for 66 gold pieces
 58731 | Depths:5 | Identified the +9 flail of Chagrin {drain, *Rage rElec rF+}
 58806 | Depths:5 | Identified the +7 hand crossbow of the Demagogue {elec,
                  | Will+ Str+4 Int-2 Stlth+}
 58896 | Depths:5 | Found a gate to the Realm of Zot.
 58971 | Depths:5 | Reached skill level 10 in Stealth
 59373 | Depths:4 | Voluntarily entered the Abyss.
 59403 | Abyss:2  | Found a corrupted altar of Lugonu.
 59427 | Abyss:3  | Noticed a dread lich
 59558 | Abyss:4  | Noticed a dread lich
 59565 | Abyss:4  | Killed a dread lich
 59622 | Abyss:4  | Paralysed by accursed screaming for 1 turns
 59753 | Abyss:4  | Reached XP level 27. HP: 243/245 MP: 21/23
 59996 | Abyss:4  | Paralysed by accursed screaming for 1 turns
 60201 | Abyss:4  | Gained mutation: Armour fits poorly on your strangely
                  | shaped body. [a neqoxec]
 60217 | Abyss:5  | Entered Level 5 of the Abyss
 60610 | Abyss:5  | Identified the +2 ring mail of Impermeability {rElec}
 60805 | Abyss:5  | Paralysed by accursed screaming for 1 turns
 61136 | Abyss:5  | Paralysed by accursed screaming for 1 turns
 61142 | Abyss:5  | Paralysed by accursed screaming for 1 turns
 61308 | Abyss:5  | Gained mutation: You do not regenerate when monsters are
                  | visible. [a neqoxec]
 61364 | Depths:4 | Escaped the Abyss
 61451 | Depths:4 | Lost mutation: You are partially covered in iridescent
                  | scales. (AC +2) [potion of mutation]
 61451 | Depths:4 | Lost mutation: Your muscles are strong. (Str +2) [potion of
                  | mutation]
 61451 | Depths:4 | Gained mutation: You possess an exceptional clarity of
                  | mind. [potion of mutation]
 61451 | Depths:4 | Gained mutation: You evolve. [potion of mutation]
 61451 | Depths:4 | Gained mutation: You have sharp toenails. [potion of
                  | mutation]
 61452 | Depths:4 | Lost mutation: You have sharp toenails. [potion of
                  | mutation]
 61452 | Depths:4 | Lost mutation: Armour fits poorly on your strangely shaped
                  | body. [potion of mutation]
 61452 | Depths:4 | Lost mutation: You possess an exceptional clarity of mind.
                  | [potion of mutation]
 61453 | Depths:4 | Lost mutation: Your system is resistant to poisons. (rPois)
                  | [potion of mutation]
 61453 | Depths:4 | Gained mutation: You are partially covered in iridescent
                  | scales. (AC +2) [potion of mutation]
 61453 | Depths:4 | Gained mutation: Your mind is acute. (Int +2) [potion of
                  | mutation]
 61454 | Depths:4 | Lost mutation: You are partially covered in iridescent
                  | scales. (AC +2) [potion of mutation]
 61454 | Depths:4 | Lost mutation: Your mind is acute. (Int +2) [potion of
                  | mutation]
 61454 | Depths:4 | Lost mutation: Your flesh is heat resistant. (rF+) [potion
                  | of mutation]
 61454 | Depths:4 | Gained mutation: You are dopey. (Int -2) [potion of
                  | mutation]
 61454 | Depths:4 | Gained mutation: You are weak. (Str -2) [potion of
                  | mutation]
 61455 | Depths:4 | Lost mutation: You are dopey. (Int -2) [potion of mutation]
 61455 | Depths:4 | Lost mutation: You are weak. (Str -2) [potion of mutation]
 61455 | Depths:4 | Lost mutation: You do not regenerate when monsters are
                  | visible. [potion of mutation]
 61455 | Depths:4 | Gained mutation: Potions are less effective at restoring
                  | your health. [potion of mutation]
 61455 | Depths:4 | Gained mutation: Your flesh is heat resistant. (rF+)
                  | [potion of mutation]
 61455 | Depths:4 | Gained mutation: You are frail. (-10% HP) [potion of
                  | mutation]
 61456 | Depths:4 | Lost mutation: You are frail. (-10% HP) [potion of
                  | mutation]
 61456 | Depths:4 | Lost mutation: Your flesh is heat resistant. (rF+) [potion
                  | of mutation]
 61456 | Depths:4 | Lost mutation: You evolve. [potion of mutation]
 61456 | Depths:4 | Gained mutation: Your spells are a little easier to cast,
                  | but a little less powerful. [potion of mutation]
 61456 | Depths:4 | Gained mutation: You have an increased reservoir of magic.
                  | (+10% MP) [potion of mutation]
 61456 | Depths:4 | Gained mutation: You tend to lose your temper in combat.
                  | [potion of mutation]
 61456 | Depths:4 | Lost mutation: You tend to lose your temper in combat.
                  | [potion of mutation]
 61457 | Depths:4 | Lost mutation: Your spells are a little easier to cast, but
                  | a little less powerful. [potion of mutation]
 61457 | Depths:4 | Lost mutation: Potions are less effective at restoring your
                  | health. [potion of mutation]
 61457 | Depths:4 | Gained mutation: You sometimes lose the ability to read
                  | scrolls when taking damage. [potion of mutation]
 61457 | Depths:4 | Gained mutation: Your spells are a little harder to cast,
                  | but a little more powerful. [potion of mutation]
 61458 | Depths:4 | Lost mutation: You sometimes lose the ability to read
                  | scrolls when taking damage. [potion of mutation]
 61458 | Depths:4 | Lost mutation: Your spells are a little harder to cast, but
                  | a little more powerful. [potion of mutation]
 61458 | Depths:4 | Gained mutation: You are robust. (+10% HP) [potion of
                  | mutation]
 61458 | Depths:4 | Gained mutation: Your body sometimes deteriorates upon
                  | taking damage. [potion of mutation]
 61459 | Depths:4 | Lost mutation: You are robust. (+10% HP) [potion of
                  | mutation]
 61459 | Depths:4 | Lost mutation: Your body sometimes deteriorates upon taking
                  | damage. [potion of mutation]
 61459 | Depths:4 | Gained mutation: You sometimes lose the ability to read
                  | scrolls when taking damage. [potion of mutation]
 61459 | Depths:4 | Gained mutation: You are frail. (-10% HP) [potion of
                  | mutation]
 61460 | Depths:4 | Lost mutation: You are frail. (-10% HP) [potion of
                  | mutation]
 61460 | Depths:4 | Lost mutation: You sometimes lose the ability to read
                  | scrolls when taking damage. [potion of mutation]
 61460 | Depths:4 | Gained mutation: You are dopey. (Int -2) [potion of
                  | mutation]
 61460 | Depths:4 | Gained mutation: You are resistant to electric shocks.
                  | (rElec) [potion of mutation]
 61845 | Slime:1  | Entered Level 1 of the Pits of Slime
 61853 | Slime:1  | Gained mutation: Your spells are a little easier to cast,
                  | but a little less powerful. [a shining eye]
 61860 | Slime:1  | Gained mutation: You are frail. (-10% HP) [a shining eye]
 61948 | Slime:1  | Gained mutation: You occasionally shout uncontrollably at
                  | your foes. [a shining eye]
 61950 | Slime:1  | Gained mutation: You sometimes lose the ability to read
                  | scrolls when taking damage. [a shining eye]
 61953 | Slime:1  | Gained mutation: You are very dopey. (Int -4) [a shining
                  | eye]
 62643 | Slime:3  | Gained mutation: You are clumsy. (Dex -2) [a shining eye]
 63014 | Slime:5  | Entered Level 5 of the Pits of Slime
 63059 | Slime:5  | Noticed the Royal Jelly
 63066 | Slime:5  | Killed the Royal Jelly
 63067 | Slime:5  | Reached skill level 27 in Shields
 63219 | Slime:5  | Got the Handbook of Displacement
 63221 | Slime:5  | Got a slimy rune of Zot
 63257 | Slime:5  | Found the +4 robe of Augmentation {Str+4 Int+4 Dex+4}
 65332 | Hell     | Found a gateway to the ashen valley of Gehenna.
 65542 | Hell     | Found a gateway to the decaying netherworld of Tartarus.
 65581 | Hell     | Killed Geryon
 65639 | Hell     | Found a gateway to the freezing wastes of Cocytus.
 65798 | Hell     | Found a gateway to the Iron City of Dis.
 65999 | Dis:1    | Entered Level 1 of the Iron City of Dis
 66189 | Dis:1    | Reached skill level 27 in Armour
 66189 | Dis:1    | Reached skill level 15 in Stealth
 67950 | Zot:1    | Entered Level 1 of the Realm of Zot
 69085 | Zot:2    | Lost mutation: You sometimes lose the ability to read
                  | scrolls when taking damage. [potion of mutation]
 69085 | Zot:2    | Lost mutation: You are very dopey. (Int -4) [potion of
                  | mutation]
 69085 | Zot:2    | Lost mutation: You are frail. (-10% HP) [potion of
                  | mutation]
 69085 | Zot:2    | Gained mutation: You expend magic power (3 MP) to
                  | strengthen your wands. [potion of mutation]
 69085 | Zot:2    | Lost mutation: You are dopey. (Int -2) [potion of mutation]
 69085 | Zot:2    | Lost mutation: Your spells are a little easier to cast, but
                  | a little less powerful. [potion of mutation]
 70192 | Zot:3    | You are sucked into a shaft and drop 1 floor!
 70393 | Zot:4    | Found a runed translucent gate.
 70394 | Zot:4    | Found a runed translucent gate.
 70395 | Zot:4    | Found a runed translucent gate.
 70397 | Zot:4    | Noticed Roxtikhle's ghost (legendary OgGl)
 70556 | Zot:4    | Noticed an orb of fire
 70557 | Zot:4    | Noticed a dread lich
 70559 | Zot:4    | Reached skill level 5 in Invocations
 70571 | Zot:4    | Killed from afar by an orb of fire

Illustrated notes

Levels and vault maps discovered:
D:1:      sevenhm_arrival_forest_fort_large_2, layout_basic,
          dreamdust_ecumenical_altar_drowned_temple, feat_on_display
D:2:      layout_basic
D:3:      layout_rooms, mainiacjoe_overflow_paths, serial_shops,
          nicolae_shop_competitors_out_of_business
D:4:      layout_basic, fedhas_altar_1, chei_slow_surprise, sigmund_army
D:5:      layout_cave_pools, okawaru_altar_gauntlet_db,
          lemuel_coloured_pillars_altar, uniq_blork_the_orc, uniq_duvessa,
          uniq_crazy_yiuf_cottage, uniq_menkaure, uniq_grinder,
          uniq_prince_ribbit1
D:6:      minmay_general_purpose_star, layout_basic,
          minmay_temple_entry_stoned_glass, kennysheep_generic_room_3
D:7:      layout_rooms, mainiacjoe_overflow_24_doors, uniq_pikel
D:8:      layout_basic, serial_bayou, serial_bayou_shore_a, serial_bayou_pond_d,
          serial_bayou_pond_d, serial_bayou_shore_b, grunt_ministairs_7
D:9:      layout_stronghold, gammafunk_temple_overflow_claw,
          lemuel_zombie_altar_kikubaaqudgha, david_orc_1_choice, st_stairs_4,
          nrook_uturn
D:10:     cheibrodos_shockbox, layout_loops_ring, nicolae_wu_jian_wuxing_cycle,
          david_lair_shrubbed, serial_shops, nicolae_square_shop,
          grunt_ministairs_12, nicolae_stop_n_shop_2, kennysheep_windowed_goal,
          uniq_maggie, uniq_urug
D:11:     layout_cross, corexii_checkpoint_b, nicolae_lava_and_water
D:12:     gammafunk_mikee_crab_dinner, layout_loops_corners
D:13:     layout_rooms, david_vaults_3, serial_corexii_hall,
          chequers_hall_statues_corner_a, corexii_hall_statues_t
D:14:     layout_loops_ring, kennysheep_small_spiral, nicolae_take_the_stairs,
          minmay_statue_crystal_thing, uniq_frances, uniq_jorgrun, uniq_agnes,
          uniq_snorg
D:15:     grunt_enter_depths_snipers, layout_basic, nicolae_twisting_strands,
          elyvilon_altar_3
Lair:1:   layout_gridlike, gammafunk_ghost_split, gammafunk_lair_bear_cave,
          grunt_megastairs_3, minmay_lair_oklob_chamber, uniq_joseph
Lair:2:   layout_chaotic_city, hangedman_tree_tricks, lemuel_fruit_tree
Lair:3:   layout_concentric_octagons, guppyfry_snake_entry_island
Lair:4:   layout_cave_pods, elwin_shoals_entry_rocks
Lair:5:   dpeg_oklob_gauntlet, layout_loops_ring
Lair:6:   hangedman_lair_in_review, layout_loops_ring, slime_altar_1,
          gammafunk_ghost_wrathful_warriors, grunt_forest_large_clearing_hut,
          uniq_sonja
Shoals:1: layout_shoals
Shoals:2: layout_shoals, ebering_ghost_disaster_area,
          nicolae_shoals_drake_roost, uniq_ilsuiw
Shoals:3: layout_shoals, gammafunk_ghost_grave, nicolae_shoals_dead_sea_scrolls
Shoals:4: shoals_end_grunt_ice, layout_shoals, shoals_ilsuiw_alternative
Snake:1:  layout_layer_cave, statue_in_the_mist_lemuel, minmay_shop_star,
          uniq_rupert
Snake:2:  layout_layer_cave, nicolae_shop_gadgets, grunt_megastairs_2,
          minmay_shop_grove
Snake:3:  layout_honeycomb, basic_altar, uniq_azrael
Snake:4:  hellmonk_snake_rune_quicksilver_temple, layout_cave_town
Slime:1:  layout_caves
Slime:2:  layout_caves
Slime:3:  layout_caves, uniq_dissolution
Slime:4:  cheibrodos_slime_lost_civilization_1, layout_caves
Slime:5
Orc:1:    layout_caves, serial_shops, shop, nicolae_shop_waterfront,
          shop_fountains, nicolae_diamond_shop, guppyfry_orc_lava_fort
Orc:2:    st_orc_elflike, layout_caves, ebering_ghost_disaster_area,
          mines1_david
Elf:1:    minmay_elf_arrival_summoners, layout_geoelf_diagonals, serial_shops,
          nicolae_shop_crystal, shop_statue, hangedman_elf_represent,
          st_stairs_7, lemuel_flamethrower_hall
Elf:2:    nicolae_elf_blades_crystal_corner, layout_loops_ring, st_stairs_10,
          uniq_louise
Elf:3:    minmay_elf_hall_circle, layout_geoelf_diagonals
Vaults:1: dpeg_vaults_monster_box, nicolae_vaults_gold_heap,
          nicolae_vaults_little_squares_5, v_misc_26,
          vaults_mumra_minichess_inversion, nicolae_vaults_network_square,
          hangedman_vaults_river_flow, v_misc_15, v_misc_23,
          vaults_room_guarded_vault, layout_vaults_ring, uniq_nikola,
          uniq_donald
Vaults:2: st_greater_box_2, vaults_room_corners, v_misc_29,
          hangedman_vaults_pinch, nicolae_vaults_little_squares_5,
          nicolae_vaults_hallways_thing, vaults_room_door_ring,
          ontoclasm_vaults_decontamination, vaults_dpeg_encased_lava, v_rooms_4,
          vaults_room_door_ring, minmay_crypt_entry_simple_statues,
          vaults_mumra_hexcomb, layout_vaults_omnicross, serial_shops,
          nicolae_square_shop
Vaults:3: vaults_room_fancy_cross, nicolae_vaults_arrows, st_lattice, v_misc_2,
          ontoclasm_vaults_eye, ontoclasm_vaults_ring_square,
          nicolae_vaults_mini_display_case, nicolae_vaults_theta,
          layout_vaults_chaotic_city
Vaults:4: dpeg_vaults_pockets_of_resistance, vaults_mumra_minichess,
          vaults_dpeg_hooks, nicolae_vaults_big_angled_halls, v_misc_2,
          nicolae_vaults_little_squares_4, v_misc_5,
          nicolae_vaults_specimen_jars, layout_vaults_quadrants, serial_shops,
          shop
Vaults:5: serial_shops
Crypt:1:  layout_gridlike, gammafunk_ghost_split, lemuel_statue_altar
Crypt:2:  layout_misc_corridors, uniq_khufu
Crypt:3:  grunt_crypt_end_deaths_head
Depths:1: layout_roguey, hangedman_geh_valley, nicolae_qazlal_general_emergency,
          mu_enter_wizlab_4, grunt_decor_resistance, minmay_alternating_orb
Depths:2: cheibrodos_tormentor_scu, layout_basic, glass_columns_a, hell_entry,
          minivault_11, infiniplex_staircase_split_hallway
Depths:3: kennysheep_cluttered_fort, layout_cave_shapes, hell_entry, pan_entry,
          nicolae_sif_muna_condensation, infiniplex_staircase_pillars_1,
          grunt_megastairs_4
Depths:4: minmay_the_grid_triangle_9x9_recursive_3
          [minmay_the_grid_triangle_9x9_wacky_v,
          minmay_the_grid_triangle_9x9_descending_squares,
          minmay_the_grid_triangle_9x9_corrupted_corridor,
          minmay_the_grid_triangle_9x9_prize_schism,
          minmay_the_grid_triangle_9x9_empty,
          minmay_the_grid_triangle_9x9_checkered,
          minmay_the_grid_triangle_9x9_longest,
          minmay_the_grid_triangle_9x9_tough_junction,
          minmay_the_grid_triangle_9x9_alien], layout_long_grid,
          enter_ziggurat_f, grunt_metal_band, abyss_entry, fiery_altar_vehumet,
          serial_shops, nicolae_shop_waterfront, uniq_xtahua
Depths:5: grunt_zot_entry_funnels, layout_gridlike, serial_shops, shop,
          pf_coc_iceberg, nicolae_wwwww, nicolae_wooded_promenade
Hell
Dis:1:    layout_gridville, hangedman_dis_chains,
          hangedman_dis_decor_blocks_mantle
Dis:2:    layout_overlapping_boxes
Zot:1:    layout_onion_interference, hangedman_zot_decor_checkerboard
Zot:2:    layout_misc_corridors, grunt_megastairs_5
Zot:3:    layout_misc_corridors, grunt_megastairs_1
Zot:4:    grunt_deathspiral_small, layout_concentric_octagons,
          ebering_ghost_rock_garden

Skill      XL: |  1  2  3  4  5  6  7  8  9 10 11 12 13 14 15 16 17 18 19 20 21 22 23 24 25 26 27 |
---------------+----------------------------------------------------------------------------------+-----
Fighting       | 4 5 6 7 8 9 11 12 13 14 15 16 17 18 20 21 22 24 25 26 27 | 27.0
Armour         | 4 5 6 7 8 9 11 12 13 14 15 16 17 18 19 20 21 22 23 24 27 | 27.0
Shields        | 4 5 6 8 9 10 11 12 13 14 15 16 18 20 21 22 24 27 | 27.0
Axes           | 3 4 5 6 7 10 12 14 16 18 19 20 21 22 23 24 25 26 27 | 27.0
Stealth        | 1 2 3 4 5 6 7 8 10 19 | 19.5
Maces & Flails | 2 5 6 7 |  7.6
Dodging        | 1 |  1.3
Throwing       | 5 7 8 |  8.4
Invocations    | 1 5 |  5.0

Action                   |  1- 3 |  4- 6 |  7- 9 | 10-12 | 13-15 | 16-18 | 19-21 | 22-24 | 25-27 || total
-------------------------+-------+-------+-------+-------+-------+-------+-------+-------+-------++-------
Melee: War axe           |    85 |    55 |       |       |       |       |       |       |       ||   140
       Headbutt          |    12 |    11 |    34 |    76 |   151 |   168 |   317 |   348 |   828 ||  1945
       Mace              |       |     3 |    82 |       |    39 |     5 |       |       |       ||   129
       Broad axe         |       |       |    45 |       |     2 |   534 |  1135 |   995 |  2410 ||  5121
       Battleaxe         |       |       |    48 |   302 |   661 |       |       |       |       ||  1011
Throw: Dart              |       |       |       |       |     2 |     9 |     8 |       |       ||    19
       Javelin           |       |       |       |       |       |       |       |       |     3 ||     3
Invok: Ancestor Life: Kn |     1 |       |       |       |       |       |       |       |       ||     1
       Recall Ancestor   |       |       |     2 |     2 |       |       |     1 |       |     8 ||    13
       Idealise          |       |       |       |       |       |     1 |       |       |     1 ||     2
  Use: Potion            |       |       |     1 |     2 |     9 |     4 |     1 |     1 |    14 ||    32
       Scroll            |       |       |    14 |    10 |     8 |     1 |    11 |    15 |     8 ||    67
 Stab: Distracted        |     1 |       |       |     2 |     1 |     4 |    14 |    17 |    63 ||   102
       Petrified         |       |       |       |       |     5 |       |       |       |       ||     5
       Invisible         |       |       |       |       |     5 |       |       |       |       ||     5
Armor: Scale mail        |    30 |       |       |       |       |       |       |       |       ||    30
       Plate armour      |     9 |    27 |    21 |       |       |       |       |       |       ||    57
       Crystal plate arm |       |       |    57 |   340 |   456 |   336 |   765 |   585 |  1496 ||  4035
Dodge: Dodged            |    22 |    11 |    26 |    73 |   145 |   126 |   269 |   218 |   531 ||  1421
Block: Kite shield       |    47 |    50 |   113 |       |       |       |       |       |       ||   210
       Reflection        |       |     3 |     6 |     2 |     1 |    24 |    45 |    38 |    19 ||   138
       Other             |       |       |     5 |    80 |    87 |       |       |       |       ||   172
       Buckler           |       |       |       |       |       |   229 |   476 |   446 |  1106 ||  2257

Table legend: (Time is in decaauts)
 A = Elapsed time spent in this place.
 B = Non-inter-level travel time spent in this place.
 C = Inter-level travel time spent in this place.
 D = Time resting spent in this place.
 E = Time spent auto-exploring this place.
 F = Levels seen in this place.
 G = Mean time per level.
                   A        B        C        D        E       F      G
               +--------+--------+--------+--------+--------+-----+--------+
         Total |  68996 |  63564 |   5432 |   5991 |  46153 |  65 | 1061.5 |
       Dungeon |  19446 |  17539 |   1907 |   2766 |  12717 |  15 | 1296.4 |
          Lair |   9507 |   8566 |    941 |    779 |   6839 |   6 | 1584.5 |
        Shoals |   4154 |   3883 |    271 |    213 |   2797 |   4 | 1038.5 |
     Snake Pit |   4709 |   4425 |    284 |     67 |   3740 |   4 | 1177.2 |
    Slime Pits |   2591 |   2466 |    125 |     68 |   2072 |   5 |  518.2 |
  Orcish Mines |   2459 |   2148 |    311 |    289 |   1475 |   2 | 1229.5 |
   Elven Halls |   2956 |   2765 |    191 |    123 |   1798 |   3 |  985.3 |
        Vaults |   7032 |   6524 |    508 |    305 |   4884 |   5 | 1406.4 |
         Crypt |   2730 |   2586 |    144 |     76 |   1968 |   3 |  910.0 |
        Depths |   6063 |   5528 |    535 |    696 |   3670 |   5 | 1212.6 |
          Hell |    716 |    662 |     54 |     79 |    335 |   1 |  716.0 |
           Dis |   1748 |   1636 |    112 |    181 |   1065 |   2 |  874.0 |
           Zot |   2557 |   2511 |     46 |    209 |   1897 |   4 |  639.2 |
         Abyss |   1802 |   1802 |      0 |     86 |    583 |   5 |  360.4 |
        Wizlab |    519 |    519 |      0 |     53 |    311 |   1 |  519.0 |
               +--------+--------+--------+--------+--------+-----+--------+

Top non-repeatable levels by time:
    D:12: 2953 daAuts
  Lair:6: 2596 daAuts
     D:9: 2314 daAuts
    D:10: 1976 daAuts
  Lair:1: 1923 daAuts
Vaults:2: 1738 daAuts
  Lair:3: 1522 daAuts
Vaults:5: 1470 daAuts
Depths:4: 1446 daAuts
    D:11: 1441 daAuts
     D:4: 1391 daAuts
Depths:2: 1349 daAuts
 Snake:2: 1346 daAuts
Depths:1: 1344 daAuts
  Lair:2: 1335 daAuts
